 Dungeon Crawl Stone Soup version 0.29-a0-333-gb4c28e87c6 (console) character file.

Game seed: 8394577069383068835

10073 Gambler the Basher (level 11, 92/92 HPs)
             Began as a Hill Orc Fighter on Apr 12, 2022.
             Was a Priest of Beogh.
             Got out of the dungeon alive.
             The game lasted 03:55:22 (11986 turns).

Gambler the Basher (Hill Orc Fighter)              Turns: 11986, Time: 03:55:22

Health: 92/92      AC: 22    Str: 26    XL:     11   Next: 56%
Magic:  11/11      EV: 11    Int:  8    God:    Beogh [***...]
Gold:   531        SH:  6    Dex: 12    Spells: 10/10 levels left

rFire   + . .      SeeInvis +   x - +3 mace (protect)
rCold   . . .      Faith    .   c - +0 buckler
rNeg    . . .      Spirit   .   D - +1 plate armour
rPois   .          Reflect  .   U - +0 helmet
rElec   .          Harm     .   T - +1 cloak
rCorr   .          Rampage  .   k - +0 pair of gloves
Will    .....                   f - +0 pair of boots
Stlth   ..........              J - amulet of regeneration
HPRegen 1.05/turn               H - +4 ring of evasion
MPRegen 0.12/turn               t - ring of see invisible

@: no status effects
A: fire resistance 1, strong 2
a: Renounce Religion, Smiting


You escaped.
You worshipped Beogh.
Beogh was most pleased with you.
You visited 1 branch of the dungeon, and saw 10 of its levels.

You collected 531 gold pieces.

Inventory:

Hand Weapons
 a - a +0 war axe
 h - a +1 mace of draining
 x - a +3 mace of protection (weapon)
 R - a +2 war axe of venom
 Y - a +4 mace
Missiles
 e - a javelin (quivered)
 l - 295 stones
 L - a curare-tipped dart
 X - 21 poisoned darts
Armour
 c - a +0 buckler (worn)
 f - a +0 pair of boots (worn)
 k - a +0 pair of gloves (worn)
 p - a +0 chain mail
 D - a +1 plate armour (worn)
 I - the +0 robe of Ethereal Mirth {-Tele rC- Str+5 Dex+10}
   (You found it on level 6 of the Dungeon)

   Str:       It affects your strength (+5).
   Dex:       It affects your dexterity (+10).
   rC:        It makes you vulnerable to cold.
   -Tele:     It prevents most forms of teleportation.
 O - +0 steam dragon scales
 T - a +1 cloak (worn)
 U - a +0 helmet (worn)
Jewellery
 i - a ring of poison resistance
 t - a ring of see invisible (right hand)
 v - a +4 ring of evasion
 H - a +4 ring of evasion (left hand)
 J - an amulet of regeneration (around neck)
 V - a ring of flight
Wands
 d - a wand of flame (30)
 G - a wand of acid (14)
 Q - a wand of paralysis (15)
Scrolls
 m - a scroll of blinking
 n - a scroll of immolation
 o - a scroll of teleportation
 S - 3 scrolls of silence
Potions
 b - 2 potions of magic {unknown}
 g - 3 potions of flight
 q - 2 potions of lignification
 z - a potion of mutation
 A - 2 potions of attraction
 B - a potion of curing
 C - a potion of cancellation {unknown}
 M - a potion of might
 P - a potion of brilliance
 Z - a potion of haste {unknown}


   Skills:
 + Level 7.4 Fighting
 - Level 5.8(9.5) Axes
 + Level 9.9(10.4) Maces & Flails
 + Level 7.0 Throwing
 + Level 9.5 Armour
 + Level 9.6 Shields


You had 10 spell levels left.
You didn't know any spells.
Your spell library contained the following spells:

 Spells                   Type           Power      Damage    Failure   Level
 Inner Flame              Hex/Fire       0%         N/A       100%        3
 Stone Arrow              Conj/Erth      0%         3d7       100%        3
 Animate Armour           Summ/Erth      0%         N/A       100%        4
 Cause Fear               Hex            0%         N/A       100%        4
 Iskenderun's Battlesphe  Conj           0%         2d6       100%        5
 Iron Shot                Conj/Erth      0%         9d1       100%        6
 Spellforged Servitor     Conj/Summ      0%         N/A       100%        7
 Discord                  Hex            0%         N/A       100%        8
 Lehudib's Crystal Spear  Conj/Erth      0%         10d2      100%        8


Dungeon Overview and Level Annotations

Branches:
Dungeon (10/15)            Temple (0/1) D:6
   Lair: D:8-11         Orc: D:9-12

Altars:
Makhleb
Trog

Shops:
D:6 [

Annotations:
D:10 Psyche


Innate Abilities, Weirdness & Mutations

Your flesh is heat resistant. (rF+)
Your muscles are very strong. (Str +4)


Message History

Things that are here:
a +0 leather armour; a +0 mace
There is a stone staircase leading up here.
You climb upwards.
There is a stone staircase leading down here.
There is a stone staircase leading up here.
You climb upwards.
There is a stone staircase leading down here.
There is a stone staircase leading up here.
You climb upwards.
There is a stone staircase leading down here.
There is a stone staircase leading up here.
You climb upwards.
There is a stone staircase leading down here.
You see here a +0 mace.
There is a stone staircase leading up here.
You climb upwards.
There is a stone staircase leading down here.
You see here a +0 dagger.
You see here a +0 robe.
There is a stone staircase leading up here.
You climb upwards.
There is a stone staircase leading down here.
There is a stone staircase leading up here.
You climb upwards.
There is a stone staircase leading down here.
There is a stone staircase leading up here.
You climb upwards.
There is a stone staircase leading down here.
You are a level 11 Hill Orc Fighter.
You are 56% of the way to level 12.
Play time: 03:54:40 (11945 turns).
Zot will find you in 26646 turns if you stay in this branch and explore no new floors.
Unknown command.
There's nothing to open nearby.
There is an open door here.
l - 295 stones (gained 4)
There is a staircase leading out of the dungeon here.
There is a staircase leading out of the dungeon here.
Are you sure you want to leave the Dungeon?
This will make you lose the game!
You have escaped!

#......###........#.#
####...# #######.##..
############.###############.
♣.......................♣ #.
♣..8..8..........)8..8..♣ #.
♣.......................♣ #.
♣♣.......................♣♣
#.
♣...8..8...........8..8...♣
#.
♣.........)..@............♣
#.
♣...8..8...........8..8...♣
#.
♣♣.......................♣♣
## ♣.......................♣
♣..8..8...........8..8..♣
♣.......................♣
############.##############
#.#####.#######......###
#.......................


There were no monsters in sight!

Vanquished Creatures
  A hydra (D:5)
  2 two-headed ogres
  Pikel (D:4)
  Maurice (D:8)
  A gargoyle (D:6)
  Maggie (D:7)
  Prince Ribbit (D:5)
  Grinder (D:4)
  Sigmund (D:4)
  A wyvern (D:9)
  5 yaks
  A steam dragon (D:6)
  Eustachio (D:5)
  An acid dragon (D:9)
  5 water moccasins
  An orc warrior (D:5)
  An ice beast (D:6)
  5 black bears
  2 sky beasts
  4 centaurs
  2 phantoms
  3 lemures (D:4)
  2 kobold brigands
  Blork the orc (D:5)
  4 necrophages
  A scorpion (D:6)
  3 bullfrogs
  A gnoll sergeant (D:6)
  13 wights
  13 killer bees
  5 howler monkeys
  2 electric eels (D:6)
  5 hounds
  A jelly (D:6)
  Crazy Yiuf (D:4)
  2 gnoll shamans (D:9)
  3 orc priests
  5 iguanas
  10 orc wizards
  6 adders
  11 gnolls
  A shadow imp (D:8)
  An ufetubus (D:6)
  2 worms (D:2)
  2 dart slugs
  23 orcs
  5 endoplasms
  4 giant cockroaches
  7 hobgoblins
  5 jackals
  4 quokkas
  6 ball pythons
  6 bats
  3 frilled lizards
  3 goblins
  9 kobolds
  2 rats
214 creatures vanquished.

Vanquished Creatures (collateral kills)
  An acid dragon (D:9)
  A killer bee (D:9)
  An orc priest (D:9)
  2 orcs (D:9)
5 creatures vanquished.

Vanquished Creatures (others)
  An orc priest (D:4)
  A jelly (D:6)
  2 orc wizards
  5 orcs
  An endoplasm (D:4)
10 creatures vanquished.

Grand Total: 229 creatures vanquished

Notes
Turn   | Place    | Note
-------+----------+-------------------------------------------
     0 | D:1      | Gambler the Hill Orc Fighter began the quest for the Orb.
     0 | D:1      | Reached XP level 1. HP: 19/19 MP: 1/1
   336 | D:1      | Reached XP level 2. HP: 26/27 MP: 2/2
   863 | D:2      | Reached XP level 3. HP: 13/33 MP: 3/3
  1326 | D:2      | Found a burning altar of Makhleb.
  2078 | D:3      | Reached XP level 4. HP: 32/40 MP: 4/4
  2452 | D:3      | Found a faded altar of an unknown god.
  2639 | D:3      | Upgraded the game from 0.29-a0-323-g050149af67 to
                  | 0.29-a0-333-gb4c28e87c6
  2671 | D:3      | Reached skill level 1 in Throwing
  2671 | D:3      | Reached XP level 5. HP: 31/47 MP: 5/5
  3195 | D:4      | Noticed a lemure
  3198 | D:4      | Noticed a lemure
  3199 | D:4      | Noticed Sigmund
  3202 | D:4      | Noticed Grinder
  3213 | D:4      | Noticed Pikel
  3231 | D:4      | Became a worshipper of Beogh the Brigand
  3404 | D:4      | Killed Sigmund
  3405 | D:4      | Reached skill level 5 in Fighting
  3405 | D:4      | Reached skill level 5 in Axes
  3405 | D:4      | Reached XP level 6. HP: 22/56 MP: 6/6
  3858 | D:4      | Reached XP level 7. HP: 44/60 MP: 7/7
  4011 | D:4      | Paralysed by Grinder for 3 turns
  4014 | D:4      | Killed Grinder
  4015 | D:4      | Reached skill level 5 in Armour
  4015 | D:4      | Reached skill level 5 in Shields
  4204 | D:4      | Found a runed translucent door.
  4205 | D:4      | Noticed Crazy Yiuf
  4549 | D:4      | Killed Pikel
  4550 | D:4      | Reached XP level 8. HP: 43/69 MP: 8/8
  4936 | D:4      | Killed Crazy Yiuf
  4995 | D:5      | Entered Level 5 of the Dungeon
  5272 | D:5      | Noticed Eustachio
  5310 | D:5      | Killed Eustachio
  5338 | D:5      | Noticed Blork the orc
  5354 | D:5      | Killed Blork the orc
  5735 | D:5      | Gained mutation: Your muscles are strong. (Str +2) [potion
                  | of mutation]
  5735 | D:5      | Gained mutation: Your muscles are very strong. (Str +4)
                  | [potion of mutation]
  5735 | D:5      | Gained mutation: You sometimes lose the ability to read
                  | scrolls when taking damage. [potion of mutation]
  5735 | D:5      | Gained mutation: Your movements are slightly less
                  | encumbered by armour. (ER -2) [potion of mutation]
  5746 | D:5      | Reached * piety under Beogh
  5846 | D:5      | Noticed Prince Ribbit
  5858 | D:5      | Killed Prince Ribbit
  5859 | D:5      | Reached XP level 9. HP: 45/74 MP: 9/9
  6064 | D:5      | Found a bloodstained altar of Trog.
  6080 | D:5      | Reached skill level 5 in Maces & Flails
  6150 | D:6      | Found a staircase to the Ecumenical Temple.
  6936 | D:6      | Reached skill level 5 in Throwing
  7288 | D:6      | Identified the +0 robe of Ethereal Mirth {-Tele rC- Str+5
                  | Dex+10}
  7465 | D:6      | Found Pecriru's Antique Armour Shoppe.
  7662 | D:6      | Reached XP level 10. HP: 82/82 MP: 10/10
  7790 | D:6      | Noticed a four-headed hydra
  7790 | D:6      | Noticed a gargoyle
  7870 | D:5      | Killed a four-headed hydra
  7947 | D:6      | Reached ** piety under Beogh
  7964 | D:6      | Killed a gargoyle
  8047 | D:6      | Lost mutation: You sometimes lose the ability to read
                  | scrolls when taking damage. [potion of mutation]
  8047 | D:6      | Lost mutation: Your movements are slightly less encumbered
                  | by armour. (ER -2) [potion of mutation]
  8047 | D:6      | Lost mutation: Your muscles are very strong. (Str +4)
                  | [potion of mutation]
  8047 | D:6      | Gained mutation: Your muscles are very strong. (Str +4)
                  | [potion of mutation]
  8047 | D:6      | Gained mutation: Your flesh is heat resistant. (rF+)
                  | [potion of mutation]
  8224 | D:7      | Noticed Maggie
  8234 | D:7      | Killed Maggie
  9274 | D:8      | Noticed a two-headed ogre
  9295 | D:8      | Killed a two-headed ogre
  9320 | D:8      | Noticed Maurice
  9353 | D:8      | Killed Maurice
  9354 | D:8      | Reached XP level 11. HP: 90/90 MP: 11/11
 10708 | D:8      | Reached *** piety under Beogh
 10903 | D:9      | Noticed a two-headed ogre
 10917 | D:9      | Killed a two-headed ogre
 11587 | D:10     | Entered Level 10 of the Dungeon
 11684 | D:10     | Noticed Psyche
 11986 | D:$      | Got out of the dungeon alive.

Illustrated notes

Levels and vault maps discovered:
D:1:      giann_forest_graveyard, layout_basic
D:2:      layout_loops_ring, basic_altar, minmay_misc_feat_chi, st_stairs_2
D:3:      layout_basic, chequers_ecumenical_altar_simple,
          chequers_serial_rivers_micro_c, kennysheep_generic_room_3
D:4:      layout_rooms, minmay_misc_feat_x, chequers_serial_rivers_room_a,
          minmay_misc_feat_doors, uniq_grinder, uniq_crazy_yiuf_cottage,
          uniq_pikel, uniq_sigmund
D:5:      layout_basic, trog_ov_bears_minmay, serial_corexii_hall,
          chequers_hall_statues_wall_a, chequers_hall_statues_wall_a,
          uniq_eustachio, uniq_blork_the_orc, uniq_prince_ribbit1
D:6:      layout_cave_pools, minmay_temple_entry_tees, kennysheep_diamond,
          minivault_4, minmay_divided_ellipse
D:7:      layout_basic, hangedman_decor_slide_cut, minivault_11, uniq_maggie
D:8:      layout_gridville, uniq_maurice
D:9:      layout_loops_ring, kennysheep_small_square
D:10:     layout_basic, lair_entry_dummy, chequers_serial_rivers_micro_a,
          uniq_joseph, uniq_psyche

Skill      XL: |  1  2  3  4  5  6  7  8  9 10 11 |
---------------+----------------------------------+-----
Axes           | 3 4 5 |  5.8
Fighting       | 4 5 6 7 |  7.4
Shields        | 4 5 6 7 8 9 |  9.6
Throwing       | 1 2 3 4 5 6 7 |  7.0
Armour         | 4 5 6 7 8 9 |  9.5
Maces & Flails | 2 4 7 9 |  9.9

Action                   |  1- 3 |  4- 6 |  7- 9 | 10-12 || total
-------------------------+-------+-------+-------+-------++-------
Melee: War axe           |   115 |   112 |     3 |       ||   230
       Mace              |       |       |   299 |   425 ||   724
Throw: Dart              |    21 |    32 |    23 |    79 ||   155
       Javelin           |     3 |     3 |    11 |    19 ||    36
       Boomerang         |       |    10 |    40 |       ||    50
       Stone             |       |       |     1 |    11 ||    12
Invok: Convert to Beogh  |       |     1 |       |       ||     1
       Smiting           |       |       |       |     1 ||     1
Evoke: Wand              |       |       |       |     1 ||     1
  Use: Scroll            |     7 |     3 |     3 |     9 ||    22
       Potion            |     1 |     8 |     1 |     5 ||    15
Armor: Scale mail        |    66 |    40 |       |       ||   106
       Chain mail        |       |    50 |   183 |       ||   233
       Plate armour      |       |       |    50 |   255 ||   305
Dodge: Dodged            |    56 |    42 |   140 |   284 ||   522
Block: Buckler           |    29 |    30 |   100 |   142 ||   301

Table legend: (Time is in decaauts)
 A = Elapsed time spent in this place.
 B = Non-inter-level travel time spent in this place.
 C = Inter-level travel time spent in this place.
 D = Time resting spent in this place.
 E = Time spent auto-exploring this place.
 F = Levels seen in this place.
 G = Mean time per level.
                   A        B        C        D        E       F      G
               +--------+--------+--------+--------+--------+-----+--------+
         Total |  12096 |  11189 |    907 |   2680 |   2461 |  10 | 1209.6 |
       Dungeon |  12096 |  11189 |    907 |   2680 |   2461 |  10 | 1209.6 |
               +--------+--------+--------+--------+--------+-----+--------+

Top non-repeatable levels by time:
     D:3: 1752 daAuts
     D:5: 1624 daAuts
     D:4: 1600 daAuts
     D:6: 1528 daAuts
     D:8: 1463 daAuts
     D:1: 1117 daAuts
     D:9: 1047 daAuts
     D:7: 1042 daAuts
     D:2: 882 daAuts
    D:10: 38 daAuts
